cohdb
Replays
Latest Replays
All Replays
Popular Replays
Top Player Replays
Match Explorer
How It Works
Community
CoH3 Stats
Reddit
Sign in to upload your games and track your stats! →
Sign in with Steam
Match 42625092
Unlisted
Match 42625092
Overview
Messages
Build Orders
End
Selects Heavy Weapons
Construct Barracks
Riflemen Squad
1⁄4-ton 4x4 Truck
M1 Mortar Team
Riflemen Squad
Riflemen Squad
Grenade Package
Construct Medical Station
Selects Assault Carriers
Selects Exchangeable Parts
Riflemen Squad
Air Support Center
Construct Weapon Support Center
Grasshopper Recon Run
M3 Assault Carrier
P-47 Strafing Run
Double Sortie
P-47 Dive Bomb
Grasshopper Recon Run
P-47 Strafing Run
M3 Assault Carrier
Grasshopper Recon Run
M1919 Machine Gun Team
Selects M2HB .50cal Heavy Machine Gun
Engineer Squad
Grasshopper Recon Run
Improved Aircraft Armor
M1918 Browning Automatic Rifles
Grasshopper Recon Run
M1919 Machine Gun Team
Selects Towed M5 3-inch Anti-tank Gun
Selects Rapid Reposition
Grasshopper Recon Run
Towed M5 3-inch Anti-tank Gun
Engineer Squad
Random_Target
Bish Bash Bosh
Jackson
[KMLT]Sorceleur
Mesco
Carlos
0
0
Comments
sign in to comment!
No comments posted yet!